 Dungeon Crawl Stone Soup version 0.31-a0-187-gba352fbbf7 (webtiles) character file.

Game seed: 1956760550764723697

141 qw the Skirmisher (level 5, -4/29 HPs)
             Began as a Deep Elf Hunter on June 22, 2023.
             Slain by an ice beast (9 damage)
             ... on level 3 of the Dungeon.
             The game lasted 00:00:46 (2177 turns).

qw the Skirmisher (Deep Elf Hunter)                 Turns: 2177, Time: 00:00:47

Health: -4/29      AC:  7    Str: 10    XL:     5   Next: 3%
Magic:  7/7        EV: 11    Int: 14    God:
Gold:   81         SH:  0    Dex: 18    Spells: 4/4 levels left

rFire   . . .        Y - +0 shortbow
rCold   . . .        (shield currently unavailable)
rNeg    . . .        d - +0 ring mail
rPois   +            (no helmet)
rElec   .            f - +0 cloak
rCorr   .            b - +0 pair of gloves
SInv    .            (no boots)
Will    .....        (no amulet)
Stlth   +            g - ring of poison resistance
HPRegen 0.24/turn    (no ring)
MPRegen 0.10/turn

%: no passive effects
@: no status effects
A: no striking features
a: no special abilities


You were on level 3 of the Dungeon.
You visited 1 branch of the dungeon, and saw 3 of its levels.

You collected 81 gold pieces.


   Skills:
 - Level 1.5 Fighting
 + Level 8.4 Ranged Weapons
 - Level 2.4 Dodging
 - Level 1.2 Stealth


You had 4 spell levels left.
You didn't know any spells.
Your spell library was empty.

Inventory:

Hand Weapons
 Y - a +0 shortbow (weapon)
Armour
 b - a +0 pair of gloves (worn)
 d - a +0 ring mail (worn)
 f - a +0 cloak (worn)
Jewellery
 g - a ring of poison resistance (left hand)
Scrolls
 a - a scroll of identify
Potions
 e - a potion of degeneration {unknown}
 h - a potion of lignification {unknown}
 j - a potion of berserk rage {unknown}
 k - a potion of magic {unknown}
 l - a potion of ambrosia {unknown}
 o - a potion of mutation {unknown}
 p - a potion of curing {unknown}
 r - a potion of attraction {unknown}
 s - a potion of heal wounds {unknown}

Dungeon Overview and Level Annotations

Branches:
Dungeon (3/15)

Altars:

Annotations:
D:2 1 runed translucent door, Crazy Yiuf


Message History

You shoot an arrow. The arrow hits the orc.
The orc is heavily wounded.
Your surroundings suddenly seem different.
You start resting.
HP restored.
Found a rapier.
Found an escape hatch in the floor.
Found a chain mail.
Found a stone staircase leading down.
You see here a +0 chain mail.
Found a scroll of revelation.
An ice beast comes into view.
You see here 10 gold pieces.
You shoot an arrow. The arrow hits the ice beast.
The ice beast is lightly wounded.
You shoot an arrow. The arrow closely misses the ice beast.
You now have 81 gold pieces (gained 10).
Found a stone staircase leading down.
You shoot an arrow. The arrow hits the ice beast.
The ice beast is moderately wounded.
The ice beast closely misses you. The ice beast completely misses you.
You shoot an arrow. The arrow hits the ice beast.
The ice beast is moderately wounded.
The ice beast hits you but does no damage.
You shoot an arrow. The arrow barely misses the ice beast.
The ice beast closely misses you.
You shoot an arrow. The arrow hits the ice beast.
The ice beast is moderately wounded.
The ice beast closely misses you.
You shoot an arrow. The arrow barely misses the ice beast.
The ice beast hits you. The ice beast freezes you!
You shoot an arrow.
The arrow hits the ice beast but does no damage.
The ice beast is moderately wounded.
The ice beast barely misses you.
You shoot an arrow. The arrow hits the ice beast.
The ice beast is heavily wounded.
The ice beast hits you. The ice beast freezes you. The ice beast hits you.
The ice beast freezes you!
You die...

##.## # #.... .
#...# .#
####...###.#
.#..........###
............>..
#......Y..#
#..@# #...#
####...#####
#.?........#
#.###.##......
# #.##.#.###
#.##.#.#
#.##.#.#
#.##.#.##


You could see an ice beast.

Vanquished Creatures
  An orc priest (D:3)
  Jessica (D:2)
  Natasha (D:1)
  2 worms (D:2)
  3 dart slugs (D:1)
  6 ball pythons
  An endoplasm (D:2)
  6 giant cockroaches
  4 hobgoblins
  2 jackals (D:1)
  5 quokkas
  5 bats
  A frilled lizard (D:1)
  5 goblins
  2 kobolds
  2 rats
47 creatures vanquished.

Notes
Turn   | Place    | Note
-------+----------+-------------------------------------------
     0 | D:1      | qw the Deep Elf Hunter began the quest for the Orb.
     0 | D:1      | Reached XP level 1. HP: 12/12 MP: 3/3
     0 | D:1      | 0 ||| qw: Version: 0.3-a-9-g12657ce
     0 | D:1      | 0 ||| qw: Game counter: 2097
     0 | D:1      | 0 ||| qw: Always use a shield: true
     0 | D:1      | 0 ||| qw: God list: Okawaru
     0 | D:1      | 0 ||| qw: Allow faded altars: false
     0 | D:1      | 0 ||| qw: Do Orc after D:15 true
     0 | D:1      | 0 ||| qw: Do second Lair branch before Depths: true
     0 | D:1      | 0 ||| qw: Lair rune preference: random
     0 | D:1      | 0 ||| qw: Plans: Normal
     0 | D:1      | 0 ||| PLANNING D:1-11
    49 | D:1      | Found a faded altar of an unknown god.
   136 | D:1      | Reached XP level 2. HP: 15/16 MP: 4/4
   155 | D:1      | Reached skill level 6 in Ranged Weapons
   453 | D:1      | 453 ||| Stepping ~*~*~tactically~*~*~ (outnumbered).
   702 | D:1      | Reached XP level 3. HP: 20/20 MP: 5/5
   948 | D:1      | 948 ||| DROPPING scarf of shadows.
   949 | D:1      | 949 ||| UPGRADING to ring of poison resistance.
   950 | D:1      | 950 ||| READING scroll labelled TOTUGG FIMOUWE.
   951 | D:1      | 951 ||| READING scroll labelled XOYXKE GOINAG.
   952 | D:1      | 952 ||| READING scroll labelled ICAFEO ZOING.
   956 | D:1      | 956 ||| DROPPING scroll of butterflies.
   959 | D:2      | Noticed Natasha
   966 | D:2      | 966 ||| STAIRDANCE
   972 | D:1      | Killed Natasha
   973 | D:1      | Reached skill level 7 in Ranged Weapons
  1249 | D:2      | Reached XP level 4. HP: 25/25 MP: 6/6
  1721 | D:2      | Found a runed translucent door.
  1722 | D:2      | Noticed Crazy Yiuf
  1812 | D:2      | Noticed Jessica
  1819 | D:2      | Killed Jessica
  1820 | D:2      | Reached skill level 8 in Ranged Weapons
  1922 | D:2      | 1922 ||| UPGRADING to +0 pair of gloves.
  1927 | D:2      | 1927 ||| UPGRADING to +0 ring mail.
  1937 | D:2      | 1937 ||| DROPPING +0 leather armour.
  1938 | D:2      | 1938 ||| UPGRADING to +0 cloak.
  1943 | D:2      | 1943 ||| DROPPING ring of wizardry.
  1944 | D:2      | 1944 ||| READING scroll labelled SAOPESM ZEAXEWK.
  1945 | D:2      | 1945 ||| READING 2 scrolls labelled QALOYH NEBO.
  1946 | D:2      | 1946 ||| READING scroll labelled SEWOUXO EHARPHOWODGH.
  1947 | D:2      | 1947 ||| DROPPING scroll of vulnerability.
  2015 | D:3      | HP: 3/25 [orc priest/divine providence (9)]
  2016 | D:3      | 2016 ||| READING 2 scrolls of teleportation.
  2019 | D:3      | 2019 ||| READING scroll of teleportation.
  2021 | D:3      | Reached XP level 5. HP: 5/29 MP: 7/7
  2166 | D:3      | Noticed an ice beast
  2177 | D:3      | HP: 7/29 [ice beast (6)]
  2177 | D:3      | Slain by an ice beast

Levels and vault maps discovered:
D:1:      psy_arrival_radial01, layout_basic,
          dreamdust_ecumenical_altar_angels_and_demons, minmay_hexomino_c4
D:2:      layout_loops_corners, kennysheep_jessica_study, uniq_natasha,
          uniq_crazy_yiuf_cottage
D:3:      layout_loops_ring, vehumet_statue, grunt_decor_resistance,
          nicolae_titane, uniq_terence, uniq_sigmund

Skill      XL: |  1  2  3  4 |
---------------+-------------+-----
Ranged Weapons | 6 7 8 |  8.4
Fighting       | |  1.5
Dodging        | |  2.4
Stealth        | |  1.2

Action                     |  1- 3 |  4- 6 || total
---------------------------+-------+-------++-------
   Fire: Shortbow          |   103 |    54 ||   157
    Use: Scroll            |     3 |     5 ||     8
 Armour: Leather armour    |     8 |     7 ||    15
         Ring mail         |       |     1 ||     1
  Dodge: Dodged            |    34 |    10 ||    44

Table legend:
 A = Non-vault XP
 B = Vault XP
 C = Vault XP percentage of total XP
 D = Non-vault monster count
 E = Vault monster count
 F = Vault count percentage of total count
                 A         B        C        D         E       F
            +---------+---------+-------+---------+---------+-------
      Total |     115 |      87 |  43.1 |      38 |       9 |  19.1
            +---------+---------+-------+---------+---------+-------
        D:1 |      35 |      48 |  57.8 |      18 |       7 |  28.0
        D:2 |      35 |      39 |  52.7 |      17 |       2 |  10.5
        D:3 |      45 |       0 |   0.0 |       3 |       0 |   0.0
            +---------+---------+-------+---------+---------+-------
